 Dungeon Crawl Stone Soup version 0.27.1-1-g398f81649c (webtiles) character file.

Game seed: 12021531842643278217

226 Rickety the Shield-Bearer (level 6, -9/53 HPs)
             Began as a Gnoll Fighter on Sept 16, 2021.
             Killed by divine providence
             ... invoked by an orc priest
              (12 damage)
             ... on level 3 of the Dungeon.
             The game lasted 00:04:16 (3114 turns).

Rickety the Shield-Bearer (Gnoll Fighter)           Turns: 3114, Time: 00:04:17

Health: -9/53      AC:  9    Str: 17    XL:     6   Next: 1%
Magic:  8/8        EV:  8    Int:  7    God:
Gold:   109        SH: 10    Dex: 12    Spells: 8/8 levels left

rFire    . . .     SeeInvis .   a - +0 long sword
rCold    . . .     Faith    .   c - +0 kite shield
rNeg     . . .     Spirit   .   b - +0 scale mail
rPois    .         Reflect  .   m - +0 helmet
rElec    .         Harm     .   g - scarf {shadows}
rCorr    .         Rampage  .   (no gloves)
Will     .....                  (no boots)
Stlth    ..........             (no amulet)
HPRegen  0.17/turn              (no ring)
MPRegen  0.11/turn              (no ring)

@: no status effects
A: fangs 1, strong nose, distributed training
a: no special abilities


You were on level 3 of the Dungeon.
You visited 1 branch of the dungeon, and saw 3 of its levels.

You collected 109 gold pieces.

Inventory:

Hand Weapons
 a - a +0 long sword (weapon)
Missiles
 h - 12 poisoned darts (quivered)
Armour
 b - a +0 scale mail (worn)
 c - a +0 kite shield (worn)
 g - a scarf of shadows (worn)
 k - a +1 robe of cold resistance
 m - a +0 helmet (worn)
Wands
 l - a wand of flame (6)
Scrolls
 e - 4 scrolls of identify {unknown}
 f - 2 scrolls of noise {unknown}
 j - 2 scrolls of teleportation {unknown}
 o - a scroll of blinking {unknown}
 p - a scroll of magic mapping {unknown}
Potions
 d - 3 potions of might
 i - 2 potions of degeneration {unknown}
 n - a potion of haste {unknown}


   Skills:
 + Level 6.7 Fighting
 + Level 1.7 Short Blades
 + Level 4.9 Long Blades
 + Level 1.7 Axes
 + Level 1.7 Maces & Flails
 + Level 1.7 Polearms
 + Level 1.7 Staves
 + Level 1.7 Slings
 + Level 1.7 Bows
 + Level 1.7 Crossbows
 + Level 1.7 Throwing
 + Level 6.7 Armour
 + Level 1.7 Dodging
 + Level 1.7 Stealth
 + Level 6.7 Shields
 + Level 1.7 Unarmed Combat
 + Level 1.7 Spellcasting
 + Level 1.3 Conjurations
 + Level 1.3 Hexes
 + Level 1.3 Summonings
 + Level 1.3 Necromancy
 + Level 1.3 Translocations
 + Level 1.3 Transmutations
 + Level 1.3 Fire Magic
 + Level 1.3 Ice Magic
 + Level 1.3 Air Magic
 + Level 1.3 Earth Magic
 + Level 1.3 Poison Magic
 + Level 2.0 Invocations
 + Level 1.7 Evocations


You had 8 spell levels left.
You didn't know any spells.
Your spell library was empty.

Dungeon Overview and Level Annotations

Branches:
Dungeon (3/15)

Altars:
Gozag

Annotations:
D:3 1 runed translucent door, deafmute's ghost, amateur HOFi


Innate Abilities, Weirdness & Mutations

You have very sharp teeth.
Your uncanny sense of smell can sniff out nearby items.
Your experience applies equally to all skills.


Message History

You slash the orc!
You kill the orc!
The orc priest mumbles some strange prayers to Beogh against you.
Beogh smites you!
You have reached level 6!
Your experience leads to an increase in your attributes!
Increase (S)trength, (I)ntelligence, or (D)exterity?
You feel stronger.
You closely miss the orc. The orc hits you but does no damage.
You hit the orc. You bite the orc, but do no damage.
The orc is severely wounded.
The orc barely misses you. x2
You hit the orc.
You kill the orc!
The orc priest mumbles some strange prayers to Beogh against you.
Beogh smites you!
* * * LOW HITPOINT WARNING * * *
Your Invocations skill increases to level 2!
You barely miss the orc priest. You bite the orc priest.
The orc priest is lightly wounded.
The orc priest calls down the wrath of Beogh upon you.
You barely resist.
The orc priest invokes the aid of Beogh against you.
Pain shoots through your body!
* * * LOW HITPOINT WARNING * * *
You hit the orc priest.
The orc priest is heavily wounded.
The orc priest hits you but does no damage.
You barely miss the orc priest.
The orc priest is heavily wounded.
The orc priest miscasts a cantrip.
You closely miss the orc priest.
The orc priest is heavily wounded.
The orc priest hits you with a +0 dagger.
* * * LOW HITPOINT WARNING * * *
You hit the orc priest.
The orc priest is almost dead.
The orc priest mumbles some strange prayers to Beogh against you.
Beogh smites you!
You die...

####.#.###.#
#.#.###.#
#.......#
###.##### # #.#
.# #.# ##### .##
#.###...# ....
#.......#####...#
#####.#....@oo#
#...#####...#
##### .## #


You could see 2 orc priests.

Vanquished Creatures
  A phantom (D:2)
  An orc wizard (D:3)
  Robin (D:3)
  An adder (D:2)
  3 gnolls
  2 worms (D:2)
  2 dart slugs
  6 orcs (D:3)
  3 ball pythons
  A bat (D:2)
  7 endoplasms
  A giant cockroach (D:1)
  11 goblins
  6 hobgoblins
  5 kobolds
  4 rats
55 creatures vanquished.

Notes
Turn   | Place    | Note
-------+----------+-------------------------------------------
     0 | D:1      | Rickety the Gnoll Fighter began the quest for the Orb.
     0 | D:1      | Reached XP level 1. HP: 23/23 MP: 1/1
   157 | D:1      | Reached XP level 2. HP: 29/29 MP: 2/2
   653 | D:2      | Reached XP level 3. HP: 32/35 MP: 3/3
   722 | D:2      | Noticed a phantom
   754 | D:2      | Killed a phantom
   755 | D:2      | Reached skill level 1 in Short Blades
   755 | D:2      | Reached skill level 1 in Axes
   755 | D:2      | Reached skill level 1 in Maces & Flails
   755 | D:2      | Reached skill level 1 in Polearms
   755 | D:2      | Reached skill level 1 in Staves
   755 | D:2      | Reached skill level 1 in Slings
   755 | D:2      | Reached skill level 1 in Bows
   755 | D:2      | Reached skill level 1 in Crossbows
   755 | D:2      | Reached skill level 1 in Throwing
   755 | D:2      | Reached skill level 1 in Dodging
   755 | D:2      | Reached skill level 1 in Stealth
   755 | D:2      | Reached skill level 1 in Unarmed Combat
   755 | D:2      | Reached skill level 1 in Spellcasting
   755 | D:2      | Reached skill level 1 in Conjurations
   755 | D:2      | Reached skill level 1 in Hexes
   755 | D:2      | Reached skill level 1 in Summonings
   755 | D:2      | Reached skill level 1 in Necromancy
   755 | D:2      | Reached skill level 1 in Translocations
   755 | D:2      | Reached skill level 1 in Transmutations
   755 | D:2      | Reached skill level 1 in Fire Magic
   755 | D:2      | Reached skill level 1 in Ice Magic
   755 | D:2      | Reached skill level 1 in Air Magic
   755 | D:2      | Reached skill level 1 in Earth Magic
   755 | D:2      | Reached skill level 1 in Poison Magic
   755 | D:2      | Reached skill level 1 in Invocations
   755 | D:2      | Reached skill level 1 in Evocations
   755 | D:2      | Reached XP level 4. HP: 7/41 MP: 3/5
  1325 | D:2      | Reached XP level 5. HP: 37/47 MP: 6/6
  2904 | D:3      | Noticed Robin
  2908 | D:3      | Killed Robin
  2961 | D:3      | Found a runed translucent door.
  2961 | D:3      | Noticed deafmute's ghost (amateur HOFi)
  3003 | D:3      | Found an opulent altar of Gozag.
  3107 | D:3      | Reached XP level 6. HP: 25/53 MP: 8/8
  3114 | D:3      | Killed from afar by an orc priest

Illustrated notes

Levels and vault maps discovered:
D:1:      psy_arrival_terrarium, layout_basic, corexii_leaking_fountain
D:2:      layout_basic
D:3:      layout_loops_corners, old_standard_altar, gammafunk_ghost_grave,
          shapermc_ecumenical_altar_pompeii, uniq_robin

Skill      XL: |  1  2  3  4  5  6 |
---------------+-------------------+-----
Short Blades   | 1 |  1.7
Axes           | 1 |  1.7
Maces & Flails | 1 |  1.7
Polearms       | 1 |  1.7
Staves         | 1 |  1.7
Slings         | 1 |  1.7
Bows           | 1 |  1.7
Crossbows      | 1 |  1.7
Throwing       | 1 |  1.7
Dodging        | 1 |  1.7
Stealth        | 1 |  1.7
Unarmed Combat | 1 |  1.7
Spellcasting   | 1 |  1.7
Conjurations   | 1 |  1.3
Hexes          | 1 |  1.3
Summonings     | 1 |  1.3
Necromancy     | 1 |  1.3
Translocations | 1 |  1.3
Transmutations | 1 |  1.3
Fire Magic     | 1 |  1.3
Ice Magic      | 1 |  1.3
Air Magic      | 1 |  1.3
Earth Magic    | 1 |  1.3
Poison Magic   | 1 |  1.3
Invocations    | 1 2 |  2.0
Evocations     | 1 |  1.7
Fighting       | |  6.7
Long Blades    | |  4.9
Armour         | |  6.7
Shields        | |  6.7

Action                   |  1- 3 |  4- 6 || total
-------------------------+-------+-------++-------
Melee: Long sword        |    76 |   111 ||   187
       Bite              |     5 |    10 ||    15
Armor: Scale mail        |    17 |    34 ||    51
Dodge: Dodged            |    26 |    21 ||    47
Block: Kite shield       |    36 |    46 ||    82
       Rpst.: Long sword |     8 |     5 ||    13
